 Dungeon Crawl Stone Soup version 0.30-a0-737-gf23d94013f (webtiles) character file.

Game seed: 9904624562641455344

1579 tilp the Slasher (level 9, 0/112 HPs)
             Began as a Meteoran Fighter on Feb 1, 2023.
             Constricted to death by Grinder (3 damage)
             ... on level 5 of the Dungeon.
             The game lasted 00:11:18 (1727 turns).

tilp the Slasher (Meteoran Fighter)                 Turns: 1727, Time: 00:11:19

Health: 0/112      AC: 10    Str: 18    XL:     9   Next: 36%
Magic:  10/10      EV:  6    Int: 11    God:
Gold:   189        SH:  6    Dex: 17    Spells: 8/8 levels left

rFire   . . .      SeeInvis +    a - +1 long sword
rCold   . . .      Faith    .    c - +1 buckler
rNeg    . . .      Spirit   .    d - +1 chain mail {Will+}
rPois   .          Reflect  .    (no helmet)
rElec   .          Harm     .    (no cloak)
rCorr   .          Rampage  .    (no gloves)
Will    ++...                    (no boots) Stlth
                                 (no amulet)
HPRegen 0.38/turn                y - ring of see invisible
MPRegen 0.12/turn                (no ring)

@: berserking, grasped by roots, glowing, constricted, very quick
A: sense surroundings 2, otherworldly, glowing, explore regen
a: no special abilities


You were on level 5 of the Dungeon.
You visited 1 branch of the dungeon, and saw 6 of its levels.
You also visited: Sewer.

You collected 237 gold pieces.
You spent 48 gold pieces at shops.

Inventory:

Hand Weapons
 a - a +1 long sword (weapon)
 b - the +2 sling "Goblinslayer" {flame, Fly rPois Str+2}
   (You found it on level 2 of the Dungeon)

   Str:       It affects your strength (+2).
   rPois:     It protects you from poison.
   Fly:       It grants you flight.
 B - a +0 short sword of freezing
Missiles
 i - 33 stones (quivered)
Armour
 c - a +1 buckler (worn)
 d - a +1 chain mail of willpower (worn)
Jewellery
 h - a ring of wizardry
 y - a ring of see invisible (left hand)
Wands
 n - a wand of flame (6)
 u - a wand of mindburst (14)
Scrolls
 f - 2 scrolls of noise {unknown}
 g - a scroll of teleportation
 k - a scroll of silence
 p - a scroll of enchant weapon
 t - a scroll of magic mapping {unknown}
Potions
 e - a potion of flight
 l - a potion of ambrosia {unknown}
 o - 3 potions of brilliance
 q - a potion of attraction {unknown}
 s - a potion of invisibility {unknown}
 v - 2 potions of magic {unknown}
 w - a potion of mutation {unknown}
 x - a potion of degeneration {unknown}
 A - a potion of haste
Miscellaneous
 z - a piece from Xom's chessboard (15/15)


   Skills:
 * Level 5.6 Fighting
 * Level 7.4 Long Blades
 + Level 3.5 Throwing
 - Level 4.0 Armour
 + Level 5.1 Dodging
 * Level 3.5 Stealth
 - Level 4.0 Shields
 + Level 3.5 Evocations


You had 8 spell levels left.
You didn't know any spells.
Your spell library was empty.

Dungeon Overview and Level Annotations

Branches:
Dungeon (6/15) Zot: 1854    Sewer (visited)
 Temple: D:4-7

Altars:
Hepliaklqana
Kikubaaqudgha

Shops:
D:5 :   D:6 *

Annotations:
D:5 Dowan, Duvessa, Grinder


Innate Abilities, Weirdness & Mutations

You passively map the area around you.
You are easily found by Zot.
You glow in the dark.
You regain HP and MP as you explore.


Message History

The gnoll is almost dead.
The gnoll hits you but does no damage. You block the gnoll's attack.
The gnoll hits you but does no damage.
You closely miss the gnoll.
The gnoll is almost dead.
The gnoll hits you with a +0 whip.
* * * LOW HITPOINT WARNING * * *
The gnoll barely misses you. The gnoll hits you with a +0 club.
* * * LOW HITPOINT WARNING * * *
Grinder zaps a wand.
The roots erupt in riotous growth!
The gnoll is unaffected. x2
The grasping roots grab you!
The gnoll is unaffected. x2; Grinder is unaffected.
The grasping roots constrict you.
* * * LOW HITPOINT WARNING * * *
Unknown command.
Unknown command.
You feel better. The gnoll hits you with a +0 whip.
* * * LOW HITPOINT WARNING * * *
The gnoll hits you with a +0 flail!
* * * LOW HITPOINT WARNING * * *
The roots lose their grip on you. The gnoll hits you with a +0 club.
* * * LOW HITPOINT WARNING * * *
Unknown command.
A red film seems to cover your vision as you go berserk!
You feel yourself moving faster!
You feel mighty! The gnoll barely misses you.
The gnoll hits you but does no damage. x2
Unknown command.
You slash the gnoll!
You kill the gnoll!
Grinder blinks!
You block the gnoll's attack. x2
You closely miss the gnoll.
The gnoll is severely wounded.
You slash the gnoll!
You kill the gnoll!
Grinder zaps a wand.
The roots erupt in riotous growth!
The grasping roots grab you!
The gnoll is unaffected. x2; The now-empty wand crumbles to dust.
The grasping roots constrict you.
You die...

#...# #### #.5.#
######... #...#
#........ #...#
#........ #...#
#........ #.g.##
######### #....#
######.. ###...#
#....... #@g...#
#.####.. #)g...#
#.#.##.. ####...###
#.#..... #.....†#
#.#.##.. #......#
#.#.#... #...5..#
#.#.#... #......#
#.#.#...
#......#######.#.#...
#....................


You could see Grinder and 2 gnolls.

Vanquished Creatures
  Pikel (D:5)
  Eustachio (D:5)
  Edmund (D:5)
  A water moccasin (D:5)
  Pargi (Sewer)
  3 ogres
  A centaur (D:5)
  A lemure (D:5)
  A scorpion (D:5)
  A hound (D:5)
  An iguana (D:5)
  2 orc wizards (D:5)
  2 gnolls (D:5)
  4 adders
  2 white imps
  An ufetubus (D:5)
  A worm (D:2)
  7 orcs
  8 bats
  7 endoplasms
  5 giant cockroaches
  3 goblins (D:2)
  4 hobgoblins
  6 jackals
  2 kobolds
  3 quokkas
  8 ball pythons
  2 frilled lizards
  3 rats
83 creatures vanquished.

Vanquished Creatures (others)
  A human (D:5)
  6 plants (D:5)
7 creatures vanquished.

Grand Total: 90 creatures vanquished

Notes
Turn   | Place    | Note
-------+----------+-------------------------------------------
     0 | D:1      | tilp the Meteoran Fighter began the quest for the Orb.
     0 | D:1      | Reached XP level 1. HP: 19/19 MP: 2/2
    61 | D:2      | Reached XP level 2. HP: 26/26 MP: 3/3
    98 | D:1      | Reached skill level 1 in Dodging
   217 | D:1      | Reached XP level 3. HP: 22/31 MP: 4/4
   490 | D:2      | Reached skill level 3 in Long Blades
   534 | D:2      | Reached XP level 4. HP: 38/38 MP: 5/5
   643 | D:2      | Identified the +2 sling "Goblinslayer" {flame, Fly rPois
                  | Str+2}
   722 | D:4      | Noticed an ogre
   732 | D:3      | Reached skill level 1 in Stealth
   781 | D:3      | You are sucked into a shaft and drop 3 floors!
   798 | D:6      | Found Yxisecs's CLEARANCE SALE!.
   806 | D:6      | Bought a potion of heal wounds for 20 gold pieces
   806 | D:6      | Bought a potion of berserk rage for 20 gold pieces
   806 | D:6      | Bought a scroll of identify for 8 gold pieces
   814 | D:6      | Reached XP level 5. HP: 37/46 MP: 6/6
   834 | D:6      | Noticed an ogre
   841 | D:6      | Killed an ogre
   842 | D:6      | Reached skill level 1 in Throwing
   842 | D:6      | Reached skill level 1 in Evocations
   842 | D:6      | Reached XP level 6. HP: 45/52 MP: 7/7
   868 | D:5      | Entered Level 5 of the Dungeon
   876 | D:5      | Noticed a centaur
   886 | D:5      | Killed a centaur
   887 | D:5      | Reached skill level 4 in Long Blades
   912 | D:5      | Reached XP level 7. HP: 8/59 MP: 8/8
   931 | D:5      | Noticed Pikel
  1044 | D:5      | Killed Pikel
  1045 | D:5      | Reached skill level 6 in Long Blades
  1045 | D:5      | Reached XP level 8. HP: 32/67 MP: 9/9
  1102 | D:5      | Found a hazy altar of Hepliaklqana.
  1225 | D:5      | Noticed Eustachio
  1245 | D:5      | Killed Eustachio
  1246 | D:5      | Reached skill level 5 in Fighting
  1246 | D:5      | Reached skill level 7 in Long Blades
  1246 | D:5      | Gained mutation: You passively map the area around you.
                  | [Meteoran growth]
  1246 | D:5      | Reached XP level 9. HP: 55/74 MP: 10/10
  1282 | D:5      | Noticed Edmund
  1300 | D:5      | Killed Edmund
  1346 | D:5      | Found Gezxopig's Book Shop.
  1351 | D:5      | Found a glowing drain.
  1367 | Sewer    | Entered a sewer
  1407 | Sewer    | Noticed Pargi
  1417 | Sewer    | Killed Pargi
  1418 | Sewer    | Reached skill level 5 in Dodging
  1499 | D:5      | Found an ancient bone altar of Kikubaaqudgha.
  1506 | D:5      | Noticed Duvessa
  1506 | D:5      | Noticed Dowan
  1684 | D:5      | Noticed Grinder
  1723 | D:5      | HP: 1/75 [gnoll/+0 club (4)]
  1727 | D:5      | Constricted to death by Grinder

Illustrated notes

Levels and vault maps discovered:
D:1:      dpeg_arrival_connections, layout_basic, serial_curves, eino_curves_01,
          eino_curves_01
D:2:      layout_basic, minmay_divided_ellipse
D:3:      layout_rooms, demons_altar, wad_rectangle_vault, uniq_terence
D:4:      layout_rooms, trog_three_pillars_becter, mainiacjoe_overflow_chevrons,
          minmay_temple_entry_antechambers
D:5:      layout_basic, nicolae_hepliaklqana_hazy_memory, tgw_kikubaaqudgha,
          cheibrodos_sewer_entry_drain, serial_shops, shop, uniq_duvessa,
          uniq_eustachio, uniq_grinder, uniq_edmund, uniq_pikel
D:6:      layout_gridville, nicolae_shop_clearance, uniq_blork_the_orc,
          uniq_crazy_yiuf_cottage

Skill      XL: |  1  2  3  4  5  6  7  8  9 |
---------------+----------------------------+-----
Dodging        | 1 2 3 4 5 |  5.1
Long Blades    | 3 4 6 7 |  7.4
Armour         | 4 |  4.0
Shields        | 4 |  4.0
Stealth        | 1 2 3 |  3.5
Throwing       | 1 2 3 |  3.5
Evocations     | 1 2 3 |  3.5
Fighting       | 4 5 |  5.6

Action                     |  1- 3 |  4- 6 |  7- 9 || total
---------------------------+-------+-------+-------++-------
  Melee: Long sword        |   111 |    33 |   100 ||   244
   Fire: Sling             |       |    52 |    42 ||    94
  Evoke: Wand              |       |       |    12 ||    12
    Use: Scroll            |       |    11 |     2 ||    13
         Potion            |       |     1 |     7 ||     8
 Armour: Scale mail        |    90 |    54 |    46 ||   190
         Chain mail        |       |       |    36 ||    36
  Dodge: Dodged            |    59 |    41 |    86 ||   186
  Block: Buckler           |    37 |    30 |    58 ||   125

Table legend: (Time is in decaauts)
 A = Elapsed time spent in this place.
 B = Non-inter-level travel time spent in this place.
 C = Inter-level travel time spent in this place.
 D = Time resting spent in this place.
 E = Time spent auto-exploring this place.
 F = Levels seen in this place.
 G = Mean time per level.
                   A        B        C        D        E       F      G
               +--------+--------+--------+--------+--------+-----+--------+
         Total |   1841 |   1742 |     99 |     11 |      0 |   7 |  263.0 |
       Dungeon |   1744 |   1645 |     99 |     11 |      0 |   6 |  290.7 |
         Sewer |     97 |     97 |      0 |      0 |      0 |   1 |   97.0 |
               +--------+--------+--------+--------+--------+-----+--------+

Top non-repeatable levels by time:
     D:5: 816 daAuts
     D:2: 454 daAuts
     D:1: 302 daAuts
   Sewer: 97 daAuts
     D:6: 92 daAuts
     D:3: 73 daAuts
     D:4: 4 daAuts
